 Dungeon Crawl Stone Soup version 0.32-a0-675-gdc239d62e1 (webtiles) character file.

Game seed: 8031828601503895214

253 Leefty the Shooter (level 6, -5/48 HPs)
             Began as a Formicid Hunter on Mar 12, 2024.
             Was a Follower of the Shining One.
             Slain by a black bear (6 damage)
             ... on level 4 of the Dungeon.
             The game lasted 00:03:18 (2524 turns).

Leefty the Shooter (Formicid Hunter)                Turns: 2524, Time: 00:03:19

Health: -5/48      AC:  3    Str: 16    XL:     6   Next: 37%
Magic:  6/6        EV: 12    Int:  8    God:    the Shining One [*.....]
Gold:   237        SH:  0    Dex: 19    Spells: 5/5 levels left

rFire   . . .        a - +0 shortbow
rCold   . . .        (no shield)
rNeg    . . .        c - +0 leather armour
rPois   .            (helmet unavailable)
rElec   .            (no cloak)
rCorr   .            (no gloves)
SInv    +            (no boots)
Will    .....        (no amulet)
Stlth   +            (no ring)
HPRegen 0.28/turn    (no ring)
MPRegen 0.10/turn

%: no passive effects
@: glowing
A: permanent stasis, dig shafts and tunnels, antennae 3, four strong arms
a: Dig, Shaft Self, Renounce Religion, Divine Shield


You were on level 4 of the Dungeon.
You worshipped the Shining One.
The Shining One was aware of your devotion.
You visited 1 branch of the dungeon, and saw 4 of its levels.

You collected 237 gold pieces.

Inventory:

Hand Weapons
 a - a +0 shortbow (weapon)
Armour
 c - a +0 leather armour (worn)
 l - a +0 pair of boots
Jewellery
 d - an amulet of magic regeneration
Scrolls
 g - a scroll of poison {unknown}
 j - a scroll of fog {unknown}
 m - a scroll of vulnerability {unknown}
 o - a scroll of amnesia {unknown}
Potions
 e - 3 potions of ambrosia {unknown}
 f - a potion of degeneration {unknown}
 h - 2 potions of attraction {unknown}
 i - 2 potions of brilliance {unknown}
 k - a potion of magic {unknown}
 n - a potion of curing {unknown}


   Skills:
 + Level 3.8 Fighting
 * Level 5.8 Ranged Weapons
 - Level 1.7 Dodging
 - Level 1.2 Stealth
 + Level 3.6 Shields


You had 5 spell levels left.
You didn't know any spells.
Your spell library contained the following spells:

 Spells                   Type           Power      Damage    Failure   Level
 Magic Dart               Conj           0%         1d3       47%         1
 Cigotuvi's Dreadful Rot  Necr/Alch/Air  0%         N/A       63%         2
 Mercury Vapours          Alch/Air       0%         N/A       63%         2
 Searing Ray              Conj           0%         2d4       63%         2
 Mephitic Cloud           Conj/Alch/Air  0%         N/A       85%         3
 Fulminant Prism          Conj/Alch      0%         3d5       99%         4
 Ignite Poison            Fire/Alch      0%         N/A       99%         4
 Freezing Cloud           Conj/Ice/Air   0%         6-21      100%        5


Dungeon Overview and Level Annotations

Branches:
Dungeon (4/15)
 Temple: D:4-7

Altars:
Dithmenos
Zin
The Shining One

Annotations:
D:3 1 runed translucent door, Crazy Yiuf


Innate Abilities, Weirdness & Mutations

You cannot be hasted, slowed, berserked, paralysed or teleported.
You can dig through walls and to a lower floor.
You have a pair of large antennae on your head. (SInv)
Your four strong arms can wield two-handed weapons with a shield.


Message History

You are too injured to fight recklessly!
You are too injured to fight recklessly!
You are too injured to fight recklessly!
You are too injured to fight recklessly!
You are too injured to fight recklessly!
You are too injured to fight recklessly!
You are too injured to fight recklessly!
You are too injured to fight recklessly!
You are too injured to fight recklessly!
You are too injured to fight recklessly!
You are too injured to fight recklessly!
You are too injured to fight recklessly!
You are too injured to fight recklessly!
You are too injured to fight recklessly!
You shoot an arrow. The arrow hits the black bear!
The black bear is severely wounded.
The black bear goes berserk!
You shoot an arrow. The arrow hits the black bear.
The black bear is almost dead.
The black bear closely misses you. The black bear claws you.
The black bear claws you but does no damage.
The black bear bites you! The black bear barely misses you.
The black bear claws you.
* * * LOW HITPOINT WARNING * * *
You shoot an arrow. The arrow hits the black bear.
The black bear is almost dead.
The black bear closely misses you. The black bear barely misses you.
The black bear claws you.
* * * LOW HITPOINT WARNING * * *
You shoot an arrow.
The arrow hits the black bear but does no damage.
The black bear is almost dead.
The black bear bites you!
* * * LOW HITPOINT WARNING * * *
The black bear closely misses you. The black bear claws you.
* * * LOW HITPOINT WARNING * * *
The black bear bites you! The Shining One protects you from harm!
The black bear claws you.
You die...

###.......# #...###.#
###.#.....# #......####
#......#
#......#############
#......'.#.........######
#......#.#..>...........####
#.........)@h....###......#.
#.....<..#######.# #####..#.
#......### #.# ##...
######## { #+# {#... {{#{#.
{ {#.#. { { #.## ##.# { #..#


You could see a black bear (berserk).

Vanquished Creatures
  A black bear (D:2)
  A jelly (D:4)
  An orc priest (D:4)
  3 adders
  4 dart slugs
  2 ribbon worms
  4 orcs (D:4)
  2 endoplasms
  2 giant cockroaches
  3 goblins
  4 hobgoblins
  10 kobolds
  8 quokkas
  3 ball pythons (D:1)
  4 bats (D:2)
  2 frilled lizards
  2 rats
56 creatures vanquished.

Notes
Turn   | Place    | Note
-------+----------+-------------------------------------------
     0 | D:1      | Leefty the Formicid Hunter began the quest for the Orb.
     0 | D:1      | Reached XP level 1. HP: 16/16 MP: 1/1
    63 | D:1      | Reached XP level 2. HP: 23/23 MP: 2/2
    72 | D:1      | Reached skill level 1 in Shields
   400 | D:1      | Reached XP level 3. HP: 28/28 MP: 3/3
   653 | D:2      | Noticed a black bear
   666 | D:2      | Killed a black bear
   667 | D:2      | Reached skill level 5 in Ranged Weapons
   667 | D:2      | Reached XP level 4. HP: 3/35 MP: 4/4
   667 | D:2      | Reached XP level 5. HP: 3/41 MP: 5/5
  1219 | D:2      | Found a glowing silver altar of Zin.
  1569 | D:3      | Found a shadowy altar of Dithmenos.
  1741 | D:3      | Found a faded altar of an unknown god.
  1771 | D:3      | Prayed at the altar of an unknown god.
  1771 | D:3      | Became a worshipper of the Shining One
  1771 | D:3      | Reached * piety under the Shining One
  2093 | D:3      | Found a runed translucent door.
  2094 | D:3      | Noticed Crazy Yiuf
  2252 | D:4      | Reached XP level 6. HP: 48/48 MP: 6/6
  2510 | D:4      | Noticed a black bear
  2524 | D:4      | HP: 1/48 [black bear (3)]
  2524 | D:4      | The Shining One protects you from harm!
  2524 | D:4      | Slain by a black bear

Illustrated notes

Levels and vault maps discovered:
D:1:      kennysheep_arrival_forest, layout_rooms
D:2:      layout_loops_corners, basic_altar, minmay_splitting_lines
D:3:      layout_rooms, nicolae_overflow_crystal_walls,
          hellmonk_ecumenical_altar_inner_sanctum, kennysheep_generic_room_5,
          uniq_crazy_yiuf_cottage
D:4:      minmay_octagon_keep, layout_basic, mainiacjoe_overflow_alcove_2

Skill      XL: |  1  2  3  4  5 |
---------------+----------------+-----
Shields        | 1 2 3 |  3.6
Fighting       | 3 |  3.8
Ranged Weapons | 5 |  5.8
Dodging        | |  1.7
Stealth        | |  1.2

Action                     |  1- 3 |  4- 6 || total
---------------------------+-------+-------++-------
   Fire: Shortbow          |    78 |   130 ||   208
    Use: Scroll            |       |     1 ||     1
 Armour: Leather armour    |    24 |    37 ||    61
  Dodge: Dodged            |    19 |    23 ||    42

Table legend: (Time is in decaauts)
 A = Elapsed time spent in this place.
 B = Non-inter-level travel time spent in this place.
 C = Inter-level travel time spent in this place.
 D = Time resting spent in this place.
 E = Time spent auto-exploring this place.
 F = Levels seen in this place.
 G = Mean time per level.
                   A        B        C        D        E       F      G
               +--------+--------+--------+--------+--------+-----+--------+
         Total |   2560 |   2386 |    174 |     75 |   1914 |   4 |  640.0 |
       Dungeon |   2560 |   2386 |    174 |     75 |   1914 |   4 |  640.0 |
               +--------+--------+--------+--------+--------+-----+--------+

Top non-repeatable levels by time:
     D:2: 1053 daAuts
     D:3: 740 daAuts
     D:1: 524 daAuts
     D:4: 242 daAuts
